 Dungeon Crawl Stone Soup version 0.29.1-2-gbd0b4ee654 (webtiles) character file.

Game seed: 1716559112836468521

834 firemarshallily the Covert (level 7, -7/64 HPs)
             Began as a Naga Brigand on Nov 15, 2022.
             Splashed by a jelly's acid (8 damage)
             ... on level 5 of the Dungeon on Nov 26, 2022.
             The game lasted 00:12:26 (6229 turns).

firemarshallily the Covert (Naga Brigand)           Turns: 6229, Time: 00:12:26

Health: -7/64      AC: -2    Str: 13    XL:     7   Next: 98%
Magic:  7/7        EV:  9    Int: 12    God:
Gold:   234        SH:  0    Dex: 20    Spells: 6/6 levels left

rFire   . . .      SeeInvis +   a - +4 dagger
rCold   . . .      Faith    .   (no shield)
rNeg    . . .      Spirit   .   b - +0 robe
rPois   +          Reflect  .   (no helmet)
rElec   .          Harm     .   c - +0 cloak
rCorr   .          Rampage  .   y - +0 pair of gloves
Will    .....                   (no barding)
Stlth   +++++.....              (no amulet)
HPRegen 0.20/turn               q - +6 ring of dexterity
MPRegen 0.10/turn               (no ring)

@: short of breath, corroded, very slow
A: AC +2, large, see invisible, deformed body, poison resistance, slowness 2,
spit poison 1, naga tail 1
a: Spit Poison


You were on level 5 of the Dungeon.
You visited 2 branches of the dungeon, and saw 6 of its levels.

You collected 234 gold pieces.

Inventory:

Hand Weapons
 a - a +4 dagger (weapon)
Missiles
 d - 25 poisoned darts
 e - 2 curare-tipped darts
 f - 3 boomerangs
 h - 56 stones
 u - 4 silver boomerangs
Armour
 b - a +0 robe (worn)
 c - a +0 cloak (worn)
 y - a +0 pair of gloves (worn)
Jewellery
 q - a +6 ring of dexterity (left hand)
Wands
 t - a wand of paralysis (1)
Scrolls
 i - a scroll of fear
 m - 2 scrolls of noise {unknown}
 n - a scroll of poison
 r - a scroll of brand weapon {unknown}
 s - a scroll of magic mapping {unknown}
 v - 2 scrolls of identify
 z - a scroll of vulnerability {unknown}
 A - a scroll of amnesia
Potions
 g - 3 potions of curing {unknown}
 j - 2 potions of haste {unknown}
 k - a potion of brilliance {unknown}
 l - a potion of ambrosia {unknown}
 o - 2 potions of heal wounds
 p - 2 potions of mutation {unknown}
 w - a potion of magic {unknown}
 x - a potion of might {unknown}


   Skills:
 + Level 4.2 Fighting
 * Level 5.8 Short Blades
 - Level 1.7 Throwing
 - Level 0.7 Dodging
 * Level 10.3 Stealth


You had 6 spell levels left.
You didn't know any spells.
Your spell library contained the following spells:

 Spells                   Type           Power      Damage    Failure   Level
 Static Discharge         Conj/Air       0%         3-3/arc   45%         2
 Sublimation of Blood     Necr           0%         N/A       45%         2
 Wereblood                Tmut           0%         N/A       45%         2
 Fireball                 Conj/Fire      0%         3d3       100%        5
 Lightning Bolt           Conj/Air       0%         1d11      100%        5
 Starburst                Conj/Fire      0%         6d3       100%        6
 Summon Hydra             Summ           0%         N/A       100%        7
 Ignition                 Fire           0%         3d3       100%        8
 Maxwell's Capacitive Co  Air            0%         ∞         100%        8


Dungeon Overview and Level Annotations

Branches:
Dungeon (5/15)             Temple (1/1) D:4

Altars:
Ashenzari
Dithmenos
Gozag
Okawaru
Ru
Sif Muna
Trog
Uskayaw
Wu Jian
Xom
Zin
The Shining One


Innate Abilities, Weirdness & Mutations

Your serpentine skin is tough. (AC +2)
You have supernaturally acute eyesight. (SInv)
Armour fits poorly on your strangely shaped body.
Your system is resistant to poisons. (rPois)
You cover ground very slowly.
You can spit poison.
You have a snake-like lower body.


Message History

The jelly is moderately wounded.
The jelly hits you but does no damage.
You hit the jelly but do no damage.
Your hands burn!
The jelly is moderately wounded.
The jelly barely misses you.
You hit the jelly but do no damage.
Your hands burn!
The jelly is moderately wounded.
You hit the jelly.
Your hands burn!
The jelly is moderately wounded.
The jelly barely misses you.
You hit the jelly.
Your hands burn!
The jelly is heavily wounded.
The jelly hits you but does no damage.
You hit the jelly. The acid corrodes you!
Your hands burn!
The jelly is severely wounded.
A jelly comes into view.
You barely miss the jelly.
The jelly is severely wounded.
The jelly completely misses you.
The jelly quivers.
You hit the jelly.
Your hands burn!
The jelly is severely wounded.
The jelly hits you.
You are splashed with acid!
* * * LOW HITPOINT WARNING * * *
Aiming: Spit Poison (1% risk of failure)
Press: ? - help, Q - select action, (/) - cycle Shift-Dir - straight line, f - jelly
Aim: a jelly (severely wounded, 100% to hit)
The splash of poison hits the jelly.
The jelly completely resists.
The jelly is severely wounded.
The jelly hits you.
* * * LOW HITPOINT WARNING * * *
You are splashed with acid!
* * * LOW HITPOINT WARNING * * *
As you read the scroll labelled URIL YTWYMIHYMM, it crumbles to dust.
It is a scroll of identify.
A - a scroll of amnesia The jelly hits you.
* * * LOW HITPOINT WARNING * * *
You are splashed with acid!
You die...

#.....##.## #.....#...#
#.....#...# #.....#...#
#.........# # ####.....#.###
.. #..<..#.##.########.#..
#.....#..).............
#.....#....J...@J......
+.....#................
+#.....#................
.......#................
.......#######################
.............................#
.............................#
...........................†.#
.............................#


You could see 2 jellies.

Vanquished Creatures
  A black bear (D:5)
  A phantom (D:5)
  A necrophage (D:5)
  3 scorpions (D:5)
  A hound (D:4)
  A jelly (D:4)
  Jessica (D:3)
  3 iguanas (D:5)
  3 orc wizards
  6 gnolls
  2 adders
  An ufetubus (D:5)
  2 worms (D:4)
  3 dart slugs
  10 orcs
  7 endoplasms
  4 giant cockroaches
  6 goblins
  6 hobgoblins
  10 jackals
  10 kobolds
  A quokka (D:1)
  4 ball pythons
  7 bats
  A frilled lizard (D:1)
  5 rats
100 creatures vanquished.

Notes
Turn   | Place    | Note
-------+----------+-------------------------------------------
     0 | D:1      | firemarshallily the Naga Brigand began the quest for the
                  | Orb.
     0 | D:1      | Reached XP level 1. HP: 19/19 MP: 1/1
    63 | D:1      | Reached skill level 6 in Stealth
   110 | D:1      | Found a faded altar of an unknown god.
   151 | D:1      | Reached XP level 2. HP: 26/26 MP: 2/2
   683 | D:1      | Reached XP level 3. HP: 32/32 MP: 3/3
  1763 | D:3      | Reached skill level 7 in Stealth
  1763 | D:3      | Reached XP level 4. HP: 40/40 MP: 4/4
  1815 | D:3      | Noticed Jessica
  1844 | D:3      | Reached XP level 5. HP: 20/48 MP: 5/5
  1867 | D:3      | Killed Jessica
  3025 | D:3      | Reached skill level 8 in Stealth
  3786 | D:4      | Found a staircase to the Ecumenical Temple.
  3877 | Temple   | Entered the Ecumenical Temple
  4048 | D:4      | Reached XP level 6. HP: 42/56 MP: 6/6
  4200 | D:4      | Found an opulent altar of Gozag.
  4680 | D:5      | Entered Level 5 of the Dungeon
  4860 | D:5      | Noticed a black bear
  4877 | D:5      | Reached skill level 9 in Stealth
  4877 | D:5      | Reached XP level 7. HP: 50/62 MP: 7/7
  4945 | D:5      | Reached skill level 5 in Short Blades
  5757 | D:5      | Reached skill level 10 in Stealth
  6228 | D:5      | HP: 2/64 [acid (10)]
  6229 | D:5      | Splashed by a jelly's acid

Illustrated notes

Levels and vault maps discovered:
D:1:      dpeg_arrival_triangle_fractal, layout_rooms,
          hellmonk_ecumenical_altar_arch_garden, minmay_tromino_i2
D:2:      layout_loops_ring
D:3:      layout_rooms, minmay_misc_feat_hallway, minmay_misc_feat_pillars,
          uniq_jessica
D:4:      layout_cave_pods, old_standard_altar, minmay_temple_entry_tees
D:5:      layout_gridville
Temple:   jpeg_temple_clearing

Skill      XL: |  1  2  3  4  5  6  7 |
---------------+----------------------+-----
Stealth        | 6 7 8 9 10 | 10.3
Short Blades   | 3 4 5 |  5.8
Fighting       | 3 4 |  4.2
Throwing       | |  1.7
Dodging        | |  0.7

Action                   |  1- 3 |  4- 6 |  7- 9 || total
-------------------------+-------+-------+-------++-------
Melee: Dagger            |    65 |   120 |   103 ||   288
       Punch             |     2 |     1 |     2 ||     5
Throw: Dart              |       |     2 |       ||     2
 Abil: Spit Poison       |    28 |    24 |     4 ||    56
  Use: Scroll            |       |     7 |     1 ||     8
 Stab: Sleeping          |     4 |    10 |     1 ||    15
Armor: Robe              |    11 |    21 |    22 ||    54
Dodge: Dodged            |    33 |    54 |    28 ||   115
